Map: Eternal Empire LE

Players

Neeb - Winner!

  • Race: Protoss Protoss
  • League: Master
  • Spawn Location: 1:00

MCanning

  • Race: Protoss Protoss
  • Spawn Location: 7:00

Event: DreamHack SC2 Masters 2020 Fall

VOD

Have the link to the VOD?

Description

Time

  • Played on: Sept. 6, 2020, 3:09 p.m.
  • Length: 13:17

All games in this series

Show
View Real Time Build Order
Export as new Build Order

Neeb Protoss - Winner!

Build Orders: 1 Gate Expand, Oracle Opening 

Get SALT Encoding   

  12  0:00  Probe  
  13  0:12  Probe  
  14  0:17  Pylon  
  14  0:24  Probe (Chrono Boost)  
  15  0:36  Probe (Chrono Boost)  
  15  0:37  Gateway  
  16  0:44  Probe (Chrono Boost)  
  16  0:47  Assimilator  
  17  0:51  Probe  
  18  1:03  Probe  
  19  1:15  Probe  
  20  1:23  Nexus  
  20  1:34  Cybernetics Core  
  20  1:36  Probe  
  21  1:42  Assimilator  
  21  1:48  Probe  
  21  1:53  Pylon  
  22  2:00  Probe (Chrono Boost)  
  23  2:09  Adept (Chrono Boost)  
  23  2:12  Probe (Chrono Boost)  
  26  2:19  Stargate, Probe  
  27  2:30  Pylon  
  27  2:31  Probe  
  27  2:35  Adept  
  30  2:39  Probe  
  30  2:43  Probe  
  31  2:44  Warp Gate  
  31  2:51  Probe  
  31  2:55  Probe  
  33  2:58  Shield Battery  
  33  3:02  Oracle (Chrono Boost)  
  36  3:10  Probe x2  
  38  3:14  Adept  
  40  3:21  Shield Battery  
  40  3:22  Probe  
  40  3:23  Probe  
  42  3:28  Void Ray (Chrono Boost), Pylon  
  46  3:46  Probe x2  
  46  3:47  Shield Battery  
  48  3:58  Robotics Facility, Probe x2  
  50  4:09  Gateway  
  50  4:10  Probe x2  
  52  4:23  Pylon  
  52  4:24  Pylon  
  52  4:26  Assimilator  
  52  4:30  Probe x2  
  54  4:33  Void Ray  
  51  4:43  Probe x2 (Chrono Boost)  
  51  4:44  Adept  
  56  4:53  Immortal  
  56  4:55  Probe (Chrono Boost)  
  58  5:00  Shield Battery, Probe (Chrono Boost)  
  58  5:02  Probe (Chrono Boost)  
  58  5:06  Stalker, Probe  
  59  5:09  Probe  
  57  5:18  Void Ray  
  57  5:21  Probe (Chrono Boost)  
  57  5:22  Probe (Chrono Boost)  
  57  5:25  Assimilator  
  62  5:31  Probe (Chrono Boost)  
  62  5:33  Probe (Chrono Boost)  
  64  5:36  Probe (Chrono Boost)  
  64  5:39  Pylon  
  64  5:41  Observer (Chrono Boost)  
  64  5:42  Probe  
  67  5:43  Sentry  
  67  5:48  Pylon, Probe  
  70  5:57  Probe  
  70  5:58  Immortal (Chrono Boost)  
  70  5:59  Pylon  
  70  6:00  Probe  
  70  6:03  Void Ray  
  76  6:10  Probe  
  81  6:12  Probe  
  81  6:15  Pylon  
  82  6:34  Observer  
  82  6:35  Forge  
  83  6:40  Void Ray, Probe  
  83  6:41  Probe  
  89  6:53  Probe  
  90  6:54  Nexus  
  90  6:55  Immortal  
  90  6:58  Probe  
  90  7:00  Pylon  
  95  7:05  Probe  
  95  7:06  Stargate  
  96  7:11  Probe  
  97  7:17  Void Ray  
  97  7:18  Probe  
  97  7:20  Shield Battery  
  97  7:22  Photon Cannon  
  98  7:23  Probe  
  98  7:24  Pylon  
  103  7:30  Probe  
  103  7:36  Probe  
  105  7:39  Photon Cannon  
  105  7:42  Probe  
  106  7:45  Void Ray  
  106  7:47  Assimilator  
  106  7:48  Probe  
  106  7:49  Assimilator  
  107  7:54  Probe  
  112  7:58  Photon Cannon  
  112  8:00  Void Ray, Probe  
  112  8:02  Pylon  
  117  8:21  Probe x3  
  117  8:23  Pylon  
  117  8:25  Fleet Beacon  
  120  8:31  Void Ray, Protoss Air Weapons Level 1 (Chrono Boost)  
  120  8:33  Probe  
  119  8:41  Void Ray  
  127  8:50  Nexus  
  127  8:54  Pylon  
  127  9:05  Probe x2  
  127  9:08  Unknown  
  129  9:12  Void Ray (Chrono Boost)  
  129  9:13  Probe  
  129  9:14  Stargate  
  129  9:15  Stargate  
  129  9:16  Shield Battery, Photon Cannon  
  130  9:21  Void Ray (Chrono Boost), Unknown  
  134  9:24  Probe  
  134  9:26  Pylon, Probe  
  139  9:37  Shield Battery  
  139  9:40  Shield Battery  
  139  9:42  Shield Battery, Void Ray  
  143  9:54  Void Ray (Chrono Boost), Pylon  
  143  9:57  Stargate  
  155  10:08  Pylon  
  155  10:10  Photon Cannon  
  155  10:11  Shield Battery  
  155  10:15  Photon Cannon  
  155  10:16  Photon Cannon  
  155  10:20  Protoss Air Weapons Level 2 (Chrono Boost)  
  155  10:23  Carrier (Chrono Boost)  
  155  10:24  Carrier (Chrono Boost)  
  165  10:36  Carrier (Chrono Boost)  
  165  10:41  Adept  
  165  10:42  Shield Battery  
  167  10:44  Void Ray (Chrono Boost)  
  167  10:48  Void Ray (Chrono Boost)  
  171  10:55  Shield Battery  
  171  10:56  Pylon  
  172  11:11  Void Ray (Chrono Boost)  
  172  11:16  Nexus  
  172  11:21  Void Ray (Chrono Boost), Photon Cannon  
  172  11:24  Photon Cannon  
  180  11:26  Shield Battery, Photon Cannon  
  180  11:28  Photon Cannon  
  178  11:37  Carrier  
  173  11:43  Void Ray  
  173  11:44  Void Ray  
  180  12:05  Pylon x2  
  180  12:06  Pylon  
  180  12:12  Void Ray  
  180  12:13  Void Ray  
  180  12:21  Void Ray x2  
  145  12:31  Observer  
  154  13:05  Nexus  
Show
View Real Time Build Order
Export as new Build Order

MCanning Protoss 

Build Orders: Zealot Archon 

Get SALT Encoding   

  12  0:00  Probe  
  13  0:12  Probe  
  14  0:17  Pylon  
  14  0:24  Probe  
  15  0:36  Probe (Chrono Boost)  
  15  0:38  Gateway  
  16  0:47  Assimilator, Probe (Chrono Boost)  
  17  0:52  Probe (Chrono Boost)  
  17  0:56  Assimilator  
  18  1:03  Probe (Chrono Boost)  
  19  1:12  Probe (Chrono Boost)  
  19  1:14  Gateway  
  19  1:17  Probe (Chrono Boost)  
  21  1:26  Cybernetics Core  
  21  1:29  Probe  
  22  1:37  Pylon  
  22  1:41  Probe  
  23  1:55  Probe  
  23  1:59  Unknown  
  23  2:00  Warp Gate (Chrono Boost), Unknown x2  
  24  2:02  Adept x2  
  28  2:12  Pylon  
  28  2:32  Adept x2  
  32  2:50  Probe  
  33  3:02  Adept x2  
  37  3:13  Nexus  
  37  3:14  Pylon  
  37  3:22  Probe  
  37  3:24  Shield Battery  
  38  3:34  Probe (Chrono Boost)  
  39  3:41  Adept x2  
  39  3:47  Probe (Chrono Boost)  
  44  3:51  Robotics Facility  
  44  3:53  Probe (Chrono Boost)  
  45  4:01  Probe  
  45  4:03  Twilight Council  
  44  4:13  Sentry, Probe  
  47  4:25  Probe (Chrono Boost)  
  47  4:26  Probe (Chrono Boost)  
  47  4:30  Sentry  
  51  4:36  Probe (Chrono Boost)  
  51  4:37  Probe (Chrono Boost)  
  53  4:41  Probe x2 (Chrono Boost)  
  47  4:46  Blink (Chrono Boost)  
  47  4:51  Probe  
  47  4:52  Probe  
  49  4:55  Dark Shrine  
  49  4:56  Forge  
  47  5:03  Probe  
  47  5:04  Probe  
  49  5:16  Probe x2  
  47  5:21  Assimilator, Stalker  
  47  5:22  Stalker  
  47  5:27  Protoss Ground Weapons Level 1 (Chrono Boost)  
  47  5:28  Pylon, Probe x2  
  50  5:30  Shield Battery  
  48  5:40  Probe (Chrono Boost)  
  50  5:44  Pylon, Probe (Chrono Boost)  
  50  5:51  Gateway  
  50  5:52  Probe (Chrono Boost)  
  50  5:56  Probe (Chrono Boost)  
  52  5:57  Probe (Chrono Boost)  
  53  6:04  Nexus  
  53  6:05  Probe  
  53  6:10  Pylon  
  54  6:13  Probe  
  54  6:17  Dark Templar  
  57  6:25  Templar Archives  
  57  6:27  Probe  
  57  6:30  Probe  
  58  6:36  Charge (Chrono Boost)  
  58  6:37  Gateway x2  
  58  6:39  Dark Templar  
  60  6:47  Probe  
  59  6:54  Shield Battery  
  59  6:57  Stalker x2  
  59  6:58  Probe  
  59  6:59  Probe  
  59  7:01  Assimilator  
  65  7:05  Pylon  
  65  7:09  Nexus  
  65  7:10  Probe  
  65  7:11  Probe  
  65  7:12  Stalker, Pylon  
  65  7:15  Shield Battery  
  69  7:19  Photon Cannon  
  69  7:21  Protoss Ground Weapons Level 2 (Chrono Boost)  
  69  7:22  High Templar x2  
  71  7:27  Pylon  
  71  7:29  Archon  
  74  7:30  Probe x2  
  75  7:39  Gateway  
  75  7:42  Gateway, Probe  
  76  7:48  Gateway  
  76  7:49  Probe  
  77  7:54  Probe  
  77  7:58  Photon Cannon  
  78  8:01  Zealot, Psionic Storm  
  80  8:07  Pylon  
  80  8:08  High Templar x2  
  80  8:09  Probe  
  80  8:12  Archon  
  85  8:13  Stalker  
  85  8:15  Probe  
  88  8:21  Probe  
  89  8:30  Assimilator  
  89  8:34  Assimilator, High Templar, Photon Cannon  
  91  8:37  Zealot  
  91  8:38  Zealot  
  91  8:41  Probe  
  94  8:43  Probe  
  95  8:50  High Templar  
  95  8:55  Nexus  
  97  8:57  Probe  
  97  8:59  Pylon  
  97  9:01  Probe  
  99  9:04  Probe  
  99  9:09  Robotics Facility, Dark Templar, Probe  
  101  9:11  Gateway  
  101  9:14  High Templar  
  101  9:16  Probe  
  104  9:21  Zealot  
  104  9:22  Photon Cannon  
  104  9:23  High Templar  
  108  9:24  Probe  
  108  9:27  Zealot x3  
  113  9:31  Probe  
  113  9:38  High Templar  
  116  9:39  Protoss Ground Weapons Level 3 (Chrono Boost), Unknown  
  116  9:40  Pylon  
  116  9:43  Zealot  
  116  9:44  Zealot  
  120  9:49  Probe  
  119  9:53  Photon Cannon  
  119  9:54  Warp Prism (Chrono Boost)  
  121  10:02  Zealot, High Templar x2  
  121  10:03  Zealot  
  121  10:06  Archon  
  129  10:08  Zealot x2  
  133  10:14  Probe  
  133  10:19  Stalker x3  
  140  10:23  Observer  
  140  10:27  Pylon  
  141  10:29  High Templar x2, Pylon  
  145  10:46  Zealot x4  
  145  10:47  Stalker x2  
  145  10:48  Stalker  
  159  10:54  Immortal  
  139  11:13  Zealot x4  
  139  11:14  Stalker x5  
  155  11:27  Nexus  
  127  11:40  High Templar x4  
  127  11:43  Archon  
  127  11:47  Probe  
  123  11:48  Zealot x5  
  127  12:06  Pylon  
  127  12:07  Dark Templar x2  
  131  12:09  Dark Templar x4  
  131  12:10  Zealot  
  131  12:12  Archon  
  131  12:13  Archon x2  
  139  12:18  Stalker x2  
  88  12:30  Probe  
  88  12:35  Stalker  
  88  12:36  Stalker x2  
  92  12:42  Stalker x5  
  92  12:43  Stalker  
  100  12:47  Probe  
  100  12:50  Probe x3  
  104  12:53  Zealot  
  106  12:59  Probe  
  106  13:02  Probe x2  
  109  13:07  High Templar x4  

Tags
 
Add a new tag
Caveats
  • Supply blocks, unpowered buildings, or Contaminate may cause inaccurate times.
  • Supply counts are checked every 10 seconds.